 Dungeon Crawl Stone Soup version 0.30-a0-3-gc9032a9cac (webtiles) character file.

Game seed: 14581593805333623113

2 BritishOli the Trooper (level 1, 0/18 HPs)
             Began as a Demonspawn Fighter on Aug 20, 2022.
             Slain by a gnoll
             ... wielding a +0 whip
              (4 damage)
             ... on level 1 of the Dungeon.
             The game lasted 00:00:03 (49 turns).

BritishOli the Trooper (Demonspawn Fighter)           Turns: 49, Time: 00:00:04

Health: 0/18       AC:  6    Str: 16    XL:     1   Next: 25%
Magic:  1/1        EV:  8    Int:  9    God:
Gold:   0          SH:  4    Dex: 12    Spells: 0/0 levels left

rFire   . . .      SeeInvis .    a - +0 long sword
rCold   . . .      Faith    .    c - +0 buckler
rNeg    . . .      Spirit   .    b - +0 scale mail
rPois   .          Reflect  .    (no helmet)
rElec   .          Harm     .    (no cloak)
rCorr   .          Rampage  .    (no gloves)
Will    .....                    (no boots)
Stlth   ..........               (no amulet)
HPRegen 0.06/turn                (no ring)
MPRegen 0.07/turn                (no ring)

@: no status effects
A: no striking features
a: no special abilities


You were on level 1 of the Dungeon.
You visited 1 branch of the dungeon, and saw 1 of its levels.

Inventory:

Hand Weapons
 a - a +0 long sword (weapon)
Armour
 b - a +0 scale mail (worn)
 c - a +0 buckler (worn)
Potions
 d - a potion of might


   Skills:
 + Level 3.0 Fighting
 + Level 1.8 Long Blades
 + Level 2.7 Armour
 + Level 2.7 Shields


You couldn't memorise any spells.
You didn't know any spells.
Your spell library was empty.

Dungeon Overview and Level Annotations

Branches:
Dungeon (1/15)

Altars:

Annotations:
D:1 1 transporter


Message History

You slash the bat!
You kill the bat!
HP restored.
You open the door.
There is an open door here.
A gnoll comes into view. It is wielding a +0 whip.
Found a faded altar of an unknown god.
A kobold comes into view. It is wielding a +0 club.
The kobold shouts!
The kobold throws a stone.
You block the stone.
There are monsters nearby!
The kobold throws a stone.
The stone closely misses you.
Found 3 stones.
The gnoll hits you with a +0 whip.
There are monsters nearby!
You hit the gnoll but do no damage. The gnoll hits you with a +0 whip!
There are monsters nearby!
There are monsters nearby!
You are too injured to fight recklessly!
You are too injured to fight recklessly!
You are too injured to fight recklessly!
You are too injured to fight recklessly!
Unknown command.
You are too injured to fight recklessly!
Unknown command.
You are too injured to fight recklessly!
You closely miss the kobold.
A frilled lizard comes into view.
The kobold hits you but does no damage. The gnoll hits you but does no damage.
You barely miss the kobold.
The frilled lizard hisses angrily.
The kobold hits you but does no damage. The gnoll barely misses you.
You block the gnoll's attack. The kobold hits you but does no damage.
You slash the kobold!
You kill the kobold!
A frilled lizard comes into view.
The gnoll hits you with a +0 whip.
* * * LOW HITPOINT WARNING * * *
The frilled lizard hisses angrily.
The gnoll hits you with a +0 whip.
You die...

...#.....#.##..
#.#.......#(#..
.#.........#l.
#.....≈.....#
#....≈_≈....#
#....≈.≈..l.# #
#.....≈.....#.#
.#.....g@....#.#
..#.........#..#
#. ............#
#. ##.#.....#.##
#. ###
###..#####.##
##.##.#
#.+.......##
####.##
#.#...#'###
###.#.# #.#......#
##©#.####.#......#


You could see a gnoll and 2 frilled lizards.

Vanquished Creatures
  A bat (D:1)
  A kobold (D:1)
2 creatures vanquished.

Notes
Turn   | Place    | Note
-------+----------+-------------------------------------------
     0 | D:1      | BritishOli the Demonspawn Fighter began the quest for the
                  | Orb.
     0 | D:1      | Reached XP level 1. HP: 18/18 MP: 1/1
    41 | D:1      | Found a faded altar of an unknown god.
    49 | D:1      | Slain by a gnoll

Illustrated notes

Levels and vault maps discovered:
D:1:      spicycebolla_arrival_risky_transporter, layout_basic,
          shapermc_ecumenical_altar_starsandcircs

Action                   || total
-------------------------++-------
Melee: Long sword        ||     7
Armor: Scale mail        ||     7
Dodge: Dodged            ||     4
Block: Buckler           ||     4

Table legend: (Time is in decaauts)
 A = Elapsed time spent in this place.
 B = Non-inter-level travel time spent in this place.
 C = Inter-level travel time spent in this place.
 D = Time resting spent in this place.
 E = Time spent auto-exploring this place.
 F = Levels seen in this place.
 G = Mean time per level.
                   A        B        C        D        E       F      G
               +--------+--------+--------+--------+--------+-----+--------+
         Total |     51 |     51 |      0 |      0 |     34 |   1 |   51.0 |
       Dungeon |     51 |     51 |      0 |      0 |     34 |   1 |   51.0 |
               +--------+--------+--------+--------+--------+-----+--------+

Top non-repeatable levels by time:
     D:1: 51 daAuts
